AoeStats
← FishCrates

Arabia

509250452Analyzed
4v4 RM · 6d ago on Sep 26, 2026· 34m 57s· 8 players
Game mode
Random Map
Map size
Large (8 player)
Population
200
Speed
Normal
Resources
Standard
Victory
Conquest
Starting age
Dark Age
Ending age
Imperial Age
RankedLock teamsTeams togetherTeam positionsShared explorationLock speedFull tech treeHidden civsTurbo modeCheats
Victory
Defeat
🇲🇽 Bohemians · Mexico
1908
+6
🇲🇽 Shu · Mexico
1673
+14
🇵🇦 Lithuanians · Panama
1570
+18
🇨🇴 Teutons · Colombia
1552
+18
🇺🇸 Saracens · United States
1719
-18
🇨🇦 Chinese · Canada
1717
-18
🇺🇸 Goths · United States
1552
-11
🇺🇸 Byzantines · United States
1512
-9
hK | Keno_
6:20 Loom
9:19 Feudal Age
13:51 Fletching
14:33 Double-Bit Axe
22:37 Castle Age
20:59 Horse Collar
22:39 Crossbowman
23:15 Bodkin Arrow
26:07 Wheelbarrow
28:54 Fervor
36:04 Imperial Age
34:38 Ballistics
34:19 Padded Archer Armor
hK | Santo
6:48 Loom
9:17 Feudal Age
9:55 Double-Bit Axe
12:19 Wheelbarrow
13:52 Scale Barding Armor
15:49 Forging
17:38 Wheelbarrow
21:20 Castle Age
21:22 Bloodlines
22:41 Chain Barding Armor
25:01 Iron Casting
25:47 Horse Collar
37:56 Imperial Age
Telo Bombeo
6:26 Loom
8:42 Feudal Age
9:23 Double-Bit Axe
12:00 Fletching
24:37 Castle Age
23:05 Gold Mining
25:17 Bodkin Arrow
24:43 Crossbowman
25:43 Horse Collar
26:40 Bow Saw
28:37 Town Watch
29:28 Wheelbarrow
33:11 Padded Archer Armor
33:04 Stone Mining
hK | Agt. Smith
6:20 Loom
8:48 Feudal Age
9:35 Double-Bit Axe
11:07 Fletching
17:24 Padded Archer Armor
24:17 Castle Age
24:18 Crossbowman
24:54 Bodkin Arrow
26:04 Bodkin Arrow
27:58 Ballistics
34:23 Leather Archer Armor
FishCrates
8:24 Feudal Age
7:46 Loom
10:16 Double-Bit Axe
15:10 Horse Collar
17:24 Scale Barding Armor
17:52 Bloodlines
22:08 Castle Age
20:41 Bloodlines
22:56 Husbandry
23:38 Forging
26:32 Town Watch
30:58 Chain Barding Armor
NotDukito
0:26 Loom
8:58 Feudal Age
9:28 Double-Bit Axe
9:34 Horse Collar
17:53 Scale Barding Armor
23:30 Castle Age
22:04 Forging
23:09 Wheelbarrow
23:05 Bloodlines
22:52 Gold Mining
24:44 Chain Barding Armor
24:41 Husbandry
33:23 Iron Casting
33:16 Hand Cart
washed_king
6:55 Loom
9:37 Feudal Age
16:26 Fletching
20:48 Double-Bit Axe
24:23 Castle Age
24:33 Crossbowman
30:22 Bodkin Arrow
31:44 Double-Bit Axe
wappla
6:11 Loom
8:23 Feudal Age
8:59 Double-Bit Axe
14:47 Fletching
21:26 Castle Age
20:00 Gold Mining
21:27 Crossbowman
22:08 Bodkin Arrow
22:43 Bow Saw
24:08 Ballistics
27:10 Wheelbarrow
Connection lost

Rejoining the realm…

Still unreachable

The connection could not be restored.

Session expired

The server has moved on; the page needs a fresh start.